 Dungeon Crawl Stone Soup version 0.22.1-2-g9c5b331 (webtiles) character file.

1570 toffzen the Covert (level 8, -1/94 HPs)
             Began as a Vampire Chaos Knight on Dec 16, 2018.
             Slain by Harold
             ... wielding a +1 long sword of holy wrath
              (4 damage)
             ... on level 8 of the Dungeon.
             The game lasted 00:17:08 (5792 turns).

toffzen the Covert (Vampire Chaos Knight)           Turns: 5792, Time: 00:17:09

Health: -1/94      AC: 24    Str: 16    XL:     8   Next: 59%
Magic:  8/8        EV:  2    Int: 17    God:    Xom [*.....]
Gold:   349        SH:  0    Dex: 11    Spells: 7/7 levels left

rFire    . . .     SeeInvis +   a - +1 falchion (chaos)
rCold    . . .     Gourm    .   (no shield)
rNeg     + + +     Faith    .   (armour currently unavailable)
rPois    +         Spirit   .   (helmet currently unavailable)
rElec    .         Reflect  .   (cloak currently unavailable)
rCorr    .         Harm     .   (gloves currently unavailable)
MR       .....     NoTele   +   (boots currently unavailable)
Stlth    ++++......             (no amulet)
HPRegen  0.45/turn              (no ring)
MPRegen  0.11/turn              (no ring)

@: mighty, tree-form, marked, regenerating quickly, slowed, very slow
A: see invisible, clumsy 1, screaming 2, MP-powered wands
a: Renounce Religion


You were on level 8 of the Dungeon.
You worshipped Xom.
You were a special plaything of Xom.
You were almost alive.
You were a tree.
You visited 1 branch of the dungeon, and saw 8 of its levels.

You collected 349 gold pieces.

Inventory:

Hand Weapons
 a - a +1 falchion of chaos (weapon)
 v - a +0 hunting sling
Missiles
 g - 80 sling bullets
 l - 255 stones (quivered)
Armour
 d - a +0 cloak of poison resistance (melded)
 e - a +0 pair of boots (melded)
 t - a +0 pair of gloves (melded)
 F - a +0 ring mail (melded)
Jewellery
 i - an uncursed ring of fire
Wands
 b - a wand of disintegration (14)
 u - a wand of paralysis (26)
 C - a wand of scattershot (2)
 D - a wand of random effects (17)
Scrolls
 h - a scroll of enchant armour {unknown}
 m - a scroll of fear {unknown}
 n - 2 scrolls of amnesia
 p - 2 scrolls of random uselessness {unknown}
 q - 2 scrolls of enchant weapon
 s - 4 scrolls of remove curse
 x - a scroll of magic mapping {unknown}
 B - a scroll of noise {unknown}
 E - 2 scrolls of fog {unknown}
Potions
 c - a potion of brilliance {unknown}
 f - 3 potions of lignification
 k - a potion of resistance {unknown}
 o - 7 potions of blood
 z - 2 potions of flight
 A - 3 potions of curing
Miscellaneous
 y - a lightning rod (4/4)


   Skills:
 + Level 5.6 Fighting
 + Level 6.1 Long Blades
 - Level 0.7 Armour
 + Level 6.3 Dodging
 + Level 8.2 Stealth


You had 7 spell levels left.
You didn't know any spells.
Your spell library was empty.

Dungeon Overview and Level Annotations

Branches:
Dungeon (8/15)             Temple (0/1) D:4
   Lair: D:8-11

Altars:
Cheibriados
Vehumet
Wu Jian
Xom
Yredelemnul
Zin

Annotations:
D:6 1 runed door, RoboWizard's ghost, novice HOMo
D:8 Harold


Innate Abilities, Weirdness & Mutations

Your natural rate of healing is unusually fast.
((You have razor-sharp teeth.))
You have supernaturally acute eyesight. (SInv)
((You can survive without breathing.))
((You are partially covered in molten scales. (AC +2)))
You are clumsy. (Dex -2)
((Your system is resistant to poisons. (rPois)))
You sometimes yell uncontrollably at your foes.
You expend magic power (3 MP) to strengthen your wands.


Message History

The crimson imp hits you but does no damage.
An iguana comes into view.
Unknown command.
Unknown command.
Okay, then.
Unknown command.
Unknown command.
You slash Harold!
Harold looks as sick as possible!
Harold is severely wounded.
A two-headed ogre comes into view.
It is wielding a dire flail and a giant Harold hits you with a long sword of holy wrath!
* * * LOW HITPOINT WARNING * * *
You convulse.
* * * LOW HITPOINT WARNING * * *
The crimson imp blinks!
Harold hits you with a long sword of holy wrath.
* * * LOW HITPOINT WARNING * * *
You convulse.
You die...
Xom laughs nastily!

. .. ..[. ......... #.
#.####.#####.......o
.##...............lO#.
................h....
............v#l..... # #.#
##...........##.
#.##.####.####..##..##
#....((÷..(###@..5.....
#o##.####.)o)♣§........
#.# #..#######..###
###.##.####..#######....
.......................###
.###.##.####<.#######. # #
### ####


You could see Harold, a two-headed ogre, a basilisk, an iguana, a hound, an orc
priest, a crimson imp and a friendly fire vortex.

Vanquished Creatures
  A sky beast (D:6)
  A phantom (D:3)
  An ogre (D:7)
  A crocodile (D:5)
  A centaur (D:8)
  4 scorpions
  3 wights
  A crimson imp (D:8)
  2 quasits (D:8)
  5 hounds
  2 orc priests
  Crazy Yiuf (D:7)
  3 orc wizards
  Jessica (D:3)
  An iguana (D:7)
  A worker ant (D:4)
  A hound zombie (D:5)
  A worker ant zombie (D:7)
  3 gnolls
  8 adders
  A shadow imp (D:2)
  3 adder zombies
  An adder skeleton (D:5)
  2 worms
  13 orcs
  8 bats
  2 giant cockroaches (D:4)
  3 goblins
  6 hobgoblins
  11 jackals
  2 kobolds
  7 quokkas
  2 ball pythons
  4 frilled lizards
  A jackal skeleton (D:7)
  A leopard gecko skeleton (D:7)
  A quokka skeleton (D:4)
  5 rats
115 creatures vanquished.

Vanquished Creatures (collateral kills)
  An ogre (D:4)
  An orc priest (D:4)
  A centaur skeleton (D:6)
  2 orcs (D:4)
5 creatures vanquished.

Vanquished Creatures (others)
  A gnoll (D:3)
  A bush (D:8)
  A fungus (D:8)
  4 plants (D:8)
  A withered plant (D:6)
8 creatures vanquished.

Grand Total: 128 creatures vanquished

Notes
Turn   | Place    | Note
-------+----------+-------------------------------------------
     0 | D:1      | toffzen the Vampire Chaos Knight began the quest for the
                  | Orb.
     0 | D:1      | Reached XP level 1. HP: 17/17 MP: 1/1
    75 | D:1      | XOM is BORED!
    75 | D:1      | XOM: harmless Summ miscast
   150 | D:1      | XOM: divination: magic mapping
   339 | D:1      | Reached skill level 1 in Stealth
   340 | D:1      | Reached XP level 2. HP: 23/23 MP: 2/2
   369 | D:1      | XOM: noise
   779 | D:2      | Reached XP level 3. HP: 23/29 MP: 3/3
   837 | D:2      | Found a snail-covered altar of Cheibriados.
   839 | D:2      | Found a basalt altar of Yredelemnul.
   949 | D:2      | Reached skill level 2 in Stealth
  1040 | D:2      | XOM: god gift: scroll labeled KIYSUJ YNER {god gift}
  1143 | D:2      | XOM: harmless Hex miscast
  1338 | D:3      | Noticed Jessica
  1348 | D:3      | Killed Jessica
  1384 | D:3      | Reached XP level 4. HP: 32/35 MP: 4/4
  1510 | D:3      | Reached skill level 3 in Stealth
  1593 | D:3      | Found a radiant altar of Vehumet.
  1621 | D:3      | Noticed a phantom
  1626 | D:3      | XOM: enchant monster (good)
  1637 | D:3      | Killed a phantom
  1637 | D:3      | Reached skill level 4 in Stealth
  1637 | D:3      | Reached XP level 5. HP: 38/42 MP: 5/5
  1705 | D:3      | Found a glowing silver altar of Zin.
  1893 | D:3      | Found a faded altar of an unknown god.
  1926 | D:3      | XOM: give mutations
  1926 | D:3      | Gained mutation: Your system is resistant to poisons.
                  | (rPois) [Xom's mischief]
  1926 | D:3      | Gained mutation: You occasionally shout uncontrollably at
                  | your foes. [Xom's mischief]
  1926 | D:3      | Gained mutation: Your spells are a little easier to cast,
                  | but a little less powerful. [Xom's mischief]
  2124 | D:3      | XOM: give mutation
  2124 | D:3      | Gained mutation: You expend magic power (3 MP) to
                  | strengthen your wands. [Xom's grace]
  2281 | D:4      | Found a staircase to the Ecumenical Temple.
  2297 | D:4      | Noticed an ogre
  2311 | D:4      | XOM: summons friendly ufetubus
  2315 | D:4      | Killed an ogre
  2315 | D:4      | Reached XP level 6. HP: 35/48 MP: 6/6
  2416 | D:4      | XOM: give mutations
  2416 | D:4      | Gained mutation: You are clumsy. (Dex -2) [Xom's mischief]
  2416 | D:4      | Lost mutation: Your spells are a little easier to cast, but
                  | a little less powerful. [Xom's mischief]
  2416 | D:4      | Gained mutation: You sometimes yell uncontrollably at your
                  | foes. [Xom's mischief]
  2431 | D:4      | XOM: 1-stop teleportation journey
  2443 | D:4      | Reached skill level 5 in Stealth
  2491 | D:4      | XOM: summons 6 friendly demons
  2940 | D:4      | XOM: summons 2 hostile demons
  2958 | D:4      | XOM: god gift: lightning rod (4/4)
  3107 | D:5      | Entered Level 5 of the Dungeon
  3160 | D:5      | XOM: give mutation
  3160 | D:5      | Gained mutation: You are partially covered in molten
                  | scales. (AC +2) [Xom's grace]
  3392 | D:5      | Noticed Ijyb
  3401 | D:5      | Noticed Ijyb
  3401 | D:5      | Ijyb changed into Ijyb the gnoll
  3401 | D:5      | XOM: polymorph Ijyb -> Ijyb the gnoll
  3404 | D:5      | Killed Ijyb the gnoll
  3548 | D:5      | Found an ornate altar of the Wu Jian Council.
  3842 | D:6      | Reached XP level 7. HP: 52/54 MP: 7/7
  4094 | D:6      | XOM: summons friendly quasit
  4107 | D:6      | Reached skill level 6 in Stealth
  4120 | D:6      | Found a runed door.
  4121 | D:6      | Noticed RoboWizard's ghost (novice HOMo)
  4204 | D:6      | Reached skill level 5 in Long Blades
  4223 | D:6      | Reached skill level 5 in Dodging
  4495 | D:6      | XOM: scenery: create altars
  4647 | D:7      | XOM: fog
  4677 | D:7      | XOM: stat loss: -1 Dex (10/11)
  4688 | D:7      | XOM: noise
  4697 | D:6      | Reached skill level 5 in Fighting
  4752 | D:6      | XOM: harmless Summ miscast
  4758 | D:6      | XOM: enchant monster (bad)
  4760 | D:6      | XOM: noise
  4770 | D:5      | XOM: summons friendly iron imp
  4784 | D:5      | Reached skill level 7 in Stealth
  4784 | D:5      | Reached XP level 8. HP: 19/62 MP: 0/8
  4804 | D:5      | XOM: silly message
  4821 | D:5      | XOM: mild Air miscast
  4876 | D:7      | XOM: harmless Fire miscast
  4885 | D:6      | XOM: cast spell 'Discord'
  4935 | D:6      | XOM: harmless Necr miscast
  5005 | D:7      | XOM: summons 4 hostile shadow creatures
  5060 | D:7      | XOM: polymorph adder -> iguana
  5310 | D:7      | XOM: summons 4 hostile demons
  5408 | D:7      | Found a runed door.
  5412 | D:7      | Noticed Crazy Yiuf
  5414 | D:7      | Killed Crazy Yiuf
  5599 | D:8      | Reached skill level 8 in Stealth
  5694 | D:7      | XOM: harmless Pois miscast
  5730 | D:8      | Noticed Harold
  5784 | D:8      | XOM: chaos cloud
  5792 | D:8      | Noticed a two-headed ogre
  5792 | D:8      | HP: 3/94 [Harold/long sword of holy wrath (3)]
  5792 | D:8      | Slain by Harold

Skill      XL: |  1  2  3  4  5  6  7  8 |
---------------+-------------------------+-----
Stealth        | 1 2 4 5 7 8 |  8.2
Fighting       | 3 4 5 |  5.6
Dodging        | 3 4 5 6 |  6.3
Long Blades    | 4 5 6 |  6.1
Armour         | |  0.7

Action                   |  1- 3 |  4- 6 |  7- 9 || total
-------------------------+-------+-------+-------++-------
Melee: Falchion          |    70 |   184 |   245 ||   499
       Bite              |     8 |    15 |    16 ||    39
Throw: Stone             |       |     1 |     4 ||     5
Evoke: Wand              |       |       |     9 ||     9
  Use: Potion            |    11 |     8 |    22 ||    41
       Scroll            |     1 |     6 |     2 ||     9
 Stab: Sleeping          |     1 |     7 |     3 ||    11
       Paralysed         |       |    12 |     6 ||    18
       Petrifying        |       |     1 |       ||     1
       Distracted        |       |       |     2 ||     2
       Confused          |       |       |     1 ||     1
Armor: Leather armour    |    36 |    49 |       ||    85
       Ring mail         |       |       |   109 ||   109
       Skin              |       |       |    40 ||    40
Dodge: Dodged            |    74 |    92 |   161 ||   327
       Rpst.: Falchion   |    16 |    30 |    38 ||    84
